[Event "ONJK-A 2019"]
[Site "Borne"]
[Date "2019.08.06"]
[Round "2.9"]
[White "Van Roon, Sjoerd"]
[Black "De Bock, Thijs"]
[Result "0-1"]
[ECO "B51"]
[WhiteElo "2072"]
[BlackElo "1870"]
[Annotator "NA"]
[PlyCount "88"]
[EventDate "2019.08.05"]
[EventType "swiss"]
[EventCountry "NED"]
[SourceTitle "playchess.com"]
[Source "ChessBase"]
[SourceQuality "1"]
[TimeControl "5400+30"]

1. e4 c5 2. Nf3 d6 3. Bb5+ Nd7 4. Ba4 Ngf6 5. O-O Nxe4 6. Re1 Nef6 7. d4 e6 8. d5 Be7 9. dxe6 {[%emt 0:07:17] Pin} fxe6 {[%emt 0:00:34] [#]} 10. Ng5 $1 ({Inferior is} 10. Rxe6 O-O $11) 10... Qa5 11. Nxe6 (11. Nc3 $18 {has better winning chances.} e5 12. Bd2) 11... Qxa4 {[%emt 0:00:16] [#]} 12. Nc7+ $17 ({Much worse is} 12. Nxg7+ $6 Kf7 $11) (12. Nc3 $1 $16 {[%cal Rc3a4] keeps the pressure on.} Qc6 {[#]} 13. Nd5 $1 (13. Nxg7+ Kf7 $17) 13... Nxd5 14. Nxg7+ Kf7 15. Qh5+ Kg8 16. Nf5) 12... Kd8 $2 13. Ne6+ ({Of course not} 13. Nxa8 $6 Qc6 $11) 13... Ke8 14. Nc7+ Kf7 $1 $15 {[%emt 0:01:50] keeps the upper hand.} 15. Nxa8 Qc6 (15... Ne5) 16. Nc3 (16. Bf4 $142) 16... b6 17. Qf3 Qxf3 18. gxf3 Ne5 19. Rxe5 dxe5 20. Nc7 Bb7 21. f4 e4 22. Be3 a6 23. Rd1 Rd8 24. f5 Rxd1+ 25. Nxd1 g6 26. fxg6+ hxg6 27. Bf4 Nh5 28. Be5 Bf6 29. Bd6 Ng7 30. Ne3 Nf5 31. Nxf5 gxf5 32. c3 c4 33. Kf1 Bg5 34. Ke2 f4 35. b3 b5 36. bxc4 bxc4 37. a4 f3+ 38. Ke1 Bh4 39. a5 e3 40. Bg3 Bxg3 41. fxg3 f2+ 42. Kf1 Be4 43. Nxa6 Bd3+ 44. Kg2 f1=Q# 0-1

[Event "ONJK-A 2019"]
[Site "Borne"]
[Date "2019.08.06"]
[Round "2.10"]
[White "Albers, Sasa"]
[Black "Koning, Femke"]
[Result "1-0"]
[ECO "C66"]
[WhiteElo "1889"]
[BlackElo "1580"]
[Annotator "NA"]
[PlyCount "55"]
[EventDate "2019.08.05"]
[EventType "swiss"]
[EventCountry "NED"]
[SourceTitle "playchess.com"]
[Source "ChessBase"]
[SourceQuality "1"]
[TimeControl "5400+30"]

1. e4 e5 2. Nf3 Nc6 3. Bb5 d6 4. c3 Bd7 5. O-O Be7 6. d4 Nf6 7. Re1 O-O 8. d5 Nb8 9. Bxd7 Nbxd7 10. c4 Nb6 11. Qe2 c6 12. dxc6 bxc6 13. c5 Nbd7 14. cxd6 Bxd6 15. Nc3 (15. Nbd2 $16) 15... Rb8 16. Rd1 Qc7 17. Bg5 $14 Bb4 18. Rac1 Rfe8 19. Bxf6 Nxf6 20. Nd5 Nxd5 21. exd5 e4 22. Nd4 c5 23. Nc6 Rb7 24. a3 Ba5 25. b4 Bb6 26. bxc5 Ba5 27. Nxa5 Qxa5 28. c6 1-0

[Event "ONJK-A 2019"]
[Site "Borne"]
[Date "2019.08.06"]
[Round "2.12"]
[White "Lettko, Michael"]
[Black "Hempler, Poul"]
[Result "0-1"]
[ECO "B12"]
[WhiteElo "1386"]
[BlackElo "1809"]
[Annotator "NA"]
[PlyCount "142"]
[EventDate "2019.08.05"]
[EventType "swiss"]
[EventCountry "NED"]
[SourceTitle "playchess.com"]
[Source "ChessBase"]
[SourceQuality "1"]
[TimeControl "5400+30"]

1. e4 c6 2. d4 d5 3. e5 Bf5 4. Nf3 e6 5. Be2 c5 6. c3 Nc6 7. Be3 Qb6 8. Qb3 Qxb3 ({Better is} 8... c4 $11 9. Qxb6 axb6) 9. axb3 cxd4 10. cxd4 ({Better is} 10. Nxd4 $14 Nxd4 11. Bxd4 (11. cxd4 Bb4+ 12. Bd2 Bxd2+ 13. Kxd2 Ne7 $11)) 10... Nb4 $15 11. Bb5+ Kd8 12. O-O Ne7 13. Nc3 Nec6 14. Na4 Be7 15. Nc5 Bxc5 16. dxc5 Bd3 17. Bxc6 Nxc6 18. Rfc1 h6 19. Rc3 Be2 20. Nd4 Bh5 21. f4 Kd7 22. Ra4 a6 23. Rc1 Rhc8 24. Raa1 f6 25. Nxc6 Rxc6 26. Bd4 Rf8 27. g3 fxe5 28. Bxe5 Rf7 29. h4 g5 30. hxg5 hxg5 31. b4 Rc8 32. Kf2 gxf4 33. gxf4 Kc6 34. Ke3 Rg8 35. Rg1 Rg4 36. Rxg4 Bxg4 37. Rg1 Bf5 38. Rg7 Rxg7 39. Bxg7 Kb5 40. Bc3 Kc4 41. Kd2 d4 42. b3+ Kxb3 43. Bxd4 Kxb4 44. Kc1 Kb3 45. c6 bxc6 46. Bb6 Kc3 47. Ba5+ Kd3 48. Kb2 Ke3 49. Bc7 Kd4 50. Bb6+ c5 51. Kb3 Bd3 52. Kb2 Kd5 53. Kc3 Kc6 54. Bd8 c4 55. Kb4 Kd5 56. Kc3 Kc5 57. Ba5 Kb5 58. Bb4 Bb1 59. Be7 Ba2 60. Kb2 Bb3 61. Bf8 Kc6 62. Kc3 Kd5 63. Bb4 Ke4 64. Bd6 a5 65. Be5 a4 66. Kb2 Kd3 67. Bf6 Bd1 68. Kc1 c3 69. Kxd1 a3 70. Kc1 a2 71. Bxc3 Kxc3 0-1

[Event "ONJK-A 2019"]
[Site "Borne"]
[Date "2019.08.06"]
[Round "3.1"]
[White "Maerevoet, Sim"]
[Black "Baselmans, Sam"]
[Result "1-0"]
[ECO "E70"]
[WhiteElo "2321"]
[BlackElo "2064"]
[Annotator "NA"]
[PlyCount "123"]
[EventDate "2019.08.05"]
[EventType "swiss"]
[EventCountry "NED"]
[SourceTitle "playchess.com"]
[Source "ChessBase"]
[SourceQuality "1"]
[TimeControl "5400+30"]

1. d4 Nf6 2. c4 g6 3. Nc3 Bg7 4. e4 d6 5. Bd3 O-O 6. Nge2 e5 7. d5 Na6 8. a3 Nc5 9. Bc2 a5 10. Rb1 Nh5 11. O-O f5 12. exf5 gxf5 13. f3 Kh8 14. b4 axb4 15. axb4 Na6 16. Be3 b6 17. Qd2 Rg8 18. f4 Qf6 19. Nb5 Qg6 20. Rf2 Bd7 21. Rbf1 Raf8 22. Kh1 Nf6 23. fxe5 dxe5 24. h3 Nh5 25. g4 Bf6 26. Bxf5 Bxf5 27. Rxf5 Ng7 28. R5f3 Qe4 29. Nbc3 Qg6 30. Ng3 Be7 31. Rxf8 Bxf8 32. Nce4 Bxb4 33. Qb2 Bc5 34. Rf6 Qe8 35. Ng5 Rf8 36. Qb1 e4 37. Rxf8+ Bxf8 38. Qxe4 Qxe4+ 39. N3xe4 Be7 40. Kg2 Kg8 41. Kg3 Nb4 42. Nc3 Nd3 43. Nge4 Ne8 44. Nb5 Kf7 45. Bd4 Nb4 46. h4 Nc2 47. g5 Nxd4 48. Nxd4 Nd6 49. Nxd6+ Bxd6+ 50. Kg4 Bh2 51. Kf5 Bg3 52. h5 Bh2 53. Nc6 Bd6 54. Nd8+ Ke8 55. g6 hxg6+ 56. hxg6 Kf8 57. Ne6+ Ke7 58. Kg5 Be5 59. Kf5 Bd6 60. Nd4 Kf8 61. Ke6 Kg7 62. Nf5+ 1-0

[Event "ONJK-A 2019"]
[Site "Borne"]
[Date "2019.08.06"]
[Round "3.2"]
[White "Baselmans, Luuk"]
[Black "Shakhverdian, William"]
[Result "1/2-1/2"]
[ECO "C54"]
[WhiteElo "2250"]
[BlackElo "2045"]
[Annotator "NA"]
[PlyCount "131"]
[EventDate "2019.08.05"]
[EventType "swiss"]
[EventCountry "NED"]
[SourceTitle "playchess.com"]
[Source "ChessBase"]
[SourceQuality "1"]
[TimeControl "5400+30"]

1. e4 e5 2. Nf3 Nc6 3. d4 exd4 4. Bc4 Bc5 5. c3 Nf6 6. e5 d5 7. Bb5 Ne4 8. cxd4 Bb6 9. Nc3 O-O 10. Be3 Bg4 11. h3 Bh5 12. Qc2 Bg6 13. Qb3 Ne7 14. O-O c6 15. Bd3 Nd2 16. Nxd2 Bxd3 17. Rfe1 Bg6 18. Na4 Nf5 19. Nf3 Nxe3 20. Rxe3 Bh5 21. Nxb6 Qxb6 22. g4 Bg6 23. Rae1 Rfe8 24. Qa3 Qd8 25. Rb3 Qe7 26. Qxe7 Rxe7 27. Nd2 f5 28. f4 Rf8 29. Rf1 b6 30. Rc3 Be8 31. Kh2 Bd7 32. Kg3 h6 33. Rf2 Kh7 34. Nf3 g6 35. Re2 Rc8 36. b4 Be6 37. Rec2 Rec7 38. Ne1 fxg4 39. hxg4 h5 40. gxh5 gxh5 41. Nf3 Bf5 42. Rh2 Kh6 43. Ng5 c5 44. bxc5 bxc5 45. Rxc5 Rxc5 46. dxc5 Rxc5 47. e6 Rc3+ 48. Kh4 Re3 49. Rd2 Bxe6 50. Nxe6 Rxe6 51. Rxd5 Ra6 52. Rxh5+ Kg7 53. Rc5 Rxa2 54. Kg5 Ra6 55. Rc7+ Kf8 56. f5 Rb6 57. Rxa7 Rc6 58. Ra8+ Kf7 59. Rh8 Kg7 60. Rh1 Ra6 61. Rb1 Rc6 62. Re1 Kf7 63. Ra1 Rb6 64. Ra7+ Kf8 65. f6 Rb1 66. Kg6 1/2-1/2

[Event "ONJK-A 2019"]
[Site "Borne"]
[Date "2019.08.06"]
[Round "3.3"]
[White "Emans, Job"]
[Black "Noordenbos, Daan"]
[Result "0-1"]
[ECO "E99"]
[WhiteElo "2089"]
[BlackElo "2042"]
[Annotator "NA"]
[PlyCount "110"]
[EventDate "2019.08.05"]
[EventType "swiss"]
[EventCountry "NED"]
[SourceTitle "playchess.com"]
[Source "ChessBase"]
[SourceQuality "1"]
[TimeControl "5400+30"]

1. d4 Nf6 2. c4 g6 3. Nc3 Bg7 4. e4 d6 5. Nf3 O-O 6. Be2 e5 7. O-O Nc6 8. d5 Ne7 9. Ne1 Nd7 10. Nd3 f5 11. f3 f4 12. Bd2 g5 13. Rc1 h5 14. Nf2 Rf6 15. b4 Rg6 16. c5 dxc5 17. bxc5 Nxc5 18. Nb5 Na6 19. Qb3 Kh7 20. Rfd1 Ng8 21. h3 Nh6 22. Be1 b6 23. Qc4 Nc5 24. Bb4 Bf8 25. Nd3 g4 26. hxg4 hxg4 27. Nxc5 g3 28. Kf1 Qh4 29. Ke1 bxc5 30. Bxc5 Bd6 31. Bxd6 cxd6 32. Qc7+ Rg7 33. Qxd6 Qh1+ 34. Bf1 Nf7 35. Qc5 Bh3 36. Qc2 Ng5 37. Qe2 Nxf3+ 38. Qxf3 Bg4 39. Qd3 f3 40. Rc2 Rc8 41. Nc3 f2+ 42. Kd2 Qh6+ 43. Qe3 Qxe3+ 44. Kxe3 Bxd1 45. Rc1 Rgc7 46. Kd2 Bg4 47. Ne2 Bxe2 48. Rxc7+ Rxc7 49. Bxe2 Rf7 50. Bf1 Kg7 51. Kc3 Rf4 52. Kd3 Kf8 53. Ke3 Ke7 54. Kd3 Rh4 55. Ke3 Rh1 {[%emt 0:00:06] Kd4} 0-1

[Event "ONJK-A 2019"]
[Site "Borne"]
[Date "2019.08.06"]
[Round "3.4"]
[White "De Bock, Thijs"]
[Black "Van Malder, Dries"]
[Result "1/2-1/2"]
[ECO "B67"]
[WhiteElo "1870"]
[BlackElo "2178"]
[Annotator "NA"]
[PlyCount "40"]
[EventDate "2019.08.05"]
[EventType "swiss"]
[EventCountry "NED"]
[SourceTitle "playchess.com"]
[Source "ChessBase"]
[SourceQuality "1"]
[TimeControl "5400+30"]

1. e4 c5 2. Nf3 d6 3. d4 cxd4 4. Nxd4 Nf6 5. Nc3 Nc6 6. Bg5 e6 7. Qd2 a6 8. O-O-O Bd7 9. f4 b5 10. Bxf6 gxf6 11. Kb1 Qb6 12. Nxc6 Bxc6 13. f5 Qc5 14. Bd3 O-O-O 15. Ne2 Be7 16. Qh6 Rdg8 17. Nf4 Qe5 18. Rhe1 Rg5 19. g3 Bd7 20. c4 Kb7 1/2-1/2

[Event "ONJK-A 2019"]
[Site "Borne"]
[Date "2019.08.06"]
[Round "3.5"]
[White "Ypma, Jord"]
[Black "Vleming, Stefan"]
[Result "1-0"]
[ECO "A48"]
[WhiteElo "1984"]
[BlackElo "1760"]
[Annotator "NA"]
[PlyCount "48"]
[EventDate "2019.08.05"]
[EventType "swiss"]
[EventCountry "NED"]
[SourceTitle "playchess.com"]
[Source "ChessBase"]
[SourceQuality "1"]
[TimeControl "5400+30"]

1. d4 Nf6 2. Bf4 c5 3. e3 g6 4. c3 Bg7 5. Nf3 O-O 6. Nbd2 cxd4 7. exd4 d6 8. Bc4 Bf5 9. O-O Nbd7 10. Re1 Re8 11. Qb3 e6 12. Bxd6 Nb6 13. Be5 Rc8 14. Bb5 Re7 15. h3 h5 16. Nh2 a6 17. Bf1 g5 18. Qd1 Nbd5 19. Nhf3 g4 20. Nh4 Bh7 21. g3 b5 22. hxg4 Nxg4 23. Bxg7 Kxg7 24. Be2 Nde3 1-0

[Event "ONJK-A 2019"]
[Site "Borne"]
[Date "2019.08.06"]
[Round "3.6"]
[White "De Vries, Tobias"]
[Black "Hilwerda, Jonas"]
[Result "0-1"]
[ECO "A04"]
[WhiteElo "1868"]
[BlackElo "2263"]
[Annotator "NA"]
[PlyCount "24"]
[EventDate "2019.08.05"]
[EventType "swiss"]
[EventCountry "NED"]
[SourceTitle "playchess.com"]
[Source "ChessBase"]
[SourceQuality "1"]
[TimeControl "5400+30"]

1. Nf3 f5 2. e4 fxe4 3. Ng5 Nf6 4. d3 e5 5. dxe4 h6 6. Nf3 d6 7. Bc4 Bg4 8. Bf7+ Kxf7 9. Nxe5+ dxe5 10. Qxd8 Bb4+ 11. c3 Rxd8 12. cxb4 Rd1# 0-1

[Event "ONJK-A 2019"]
[Site "Borne"]
[Date "2019.08.06"]
[Round "3.7"]
[White "Hempler, Poul"]
[Black "Boudry, William"]
[Result "1-0"]
[ECO "E14"]
[WhiteElo "1809"]
[BlackElo "2033"]
[Annotator "NA"]
[PlyCount "71"]
[EventDate "2019.08.05"]
[EventType "swiss"]
[EventCountry "NED"]
[SourceTitle "playchess.com"]
[Source "ChessBase"]
[SourceQuality "1"]
[TimeControl "5400+30"]

1. e4 b6 2. c4 Bb7 3. Nc3 e6 4. d4 Bb4 5. d5 Nf6 6. Bd3 exd5 7. cxd5 O-O 8. Nf3 Re8 9. Nd2 Bxc3 10. bxc3 Nxd5 11. Qc2 Nf4 12. O-O Nxd3 13. Qxd3 Ba6 14. c4 Qf6 15. Rb1 Nc6 16. Qxd7 Ne5 17. Qa4 Bb7 18. Bb2 Qg6 19. Bxe5 Rxe5 20. f3 Rh5 21. Qd7 Rc5 22. Rbc1 Qf6 23. Nb3 Rd8 24. Qa4 Rh5 25. Qxa7 Qc6 26. Rfd1 Re8 27. Rd5 Rh4 28. Rcd1 h6 29. Nd4 Qf6 30. Qxb7 Qf4 31. h3 Qe3+ 32. Kf1 Rxh3 33. gxh3 Re6 34. Qxc7 Rf6 35. Qg3 Qxe4 36. Qf2 1-0

[Event "ONJK-A 2019"]
[Site "Borne"]
[Date "2019.08.06"]
[Round "3.8"]
[White "Vitharana, Annelies"]
[Black "Merkon, Oseb"]
[Result "0-1"]
[ECO "B33"]
[WhiteElo "1768"]
[BlackElo "2013"]
[Annotator "NA"]
[PlyCount "98"]
[EventDate "2019.08.05"]
[EventType "swiss"]
[EventCountry "NED"]
[SourceTitle "playchess.com"]
[Source "ChessBase"]
[SourceQuality "1"]
[TimeControl "5400+30"]

1. e4 c5 2. Nf3 Nc6 3. d4 cxd4 4. Nxd4 Nf6 5. Nc3 e5 6. Ndb5 d6 7. Bg5 a6 8. Na3 b5 9. Nd5 Be7 10. Nxe7 Nxe7 11. Bd3 h6 12. Bd2 Bb7 13. Qe2 d5 14. f3 O-O 15. c3 Ng6 16. g3 Qd6 17. O-O-O dxe4 18. fxe4 Qc6 19. Rhe1 Nd7 20. h4 Nc5 21. Bc2 Rac8 22. h5 Ne7 23. Kb1 Ne6 24. Bd3 Rfd8 25. Bc2 Rd7 26. Be3 Rcd8 27. Rxd7 Rxd7 28. Ka1 Nc5 29. Qg4 Qe6 30. Qf3 Qc6 31. Qg4 Rd6 32. Bc1 Nc8 33. Nb1 Nb6 34. Nd2 Nca4 35. Qf3 b4 36. Nb1 a5 37. g4 Nc5 38. g5 a4 39. cxb4 Ne6 40. Bd3 Nd4 41. Qe3 hxg5 42. Nc3 Nc4 43. Qg3 Nxb2 44. Bxb2 a3 45. Bxa3 Qxc3+ 46. Bb2 Nc2+ 47. Kb1 Qxe1+ 48. Qxe1 Nxe1 49. Be2 Rd2 0-1

[Event "ONJK-A 2019"]
[Site "Borne"]
[Date "2019.08.06"]
[Round "3.9"]
[White "Hofstra, Tijmen"]
[Black "Godde, Matthias"]
[Result "0-1"]
[ECO "B20"]
[WhiteElo "1732"]
[BlackElo "1989"]
[Annotator "NA"]
[PlyCount "68"]
[EventDate "2019.08.05"]
[EventType "swiss"]
[EventCountry "NED"]
[SourceTitle "playchess.com"]
[Source "ChessBase"]
[SourceQuality "1"]
[TimeControl "5400+30"]

1. e4 c5 2. b3 Nc6 3. Bb2 e5 4. Bb5 Nd4 5. Bc4 Nf6 6. d3 b5 7. Bd5 Nxd5 8. exd5 Bb7 9. c4 Be7 10. Nf3 O-O 11. O-O d6 12. Nbd2 Nxf3+ 13. Qxf3 b4 14. Qg3 Bh4 15. Qf3 f5 16. g3 Bg5 17. Qe2 f4 18. Nf3 Bc8 19. Bc1 Bh3 20. Re1 Bh6 21. a3 fxg3 22. fxg3 Bg4 23. Rf1 Qf6 24. Kg2 e4 25. Qxe4 Bxf3+ 26. Rxf3 Qxa1 27. Bxh6 Rxf3 28. Qxf3 gxh6 29. Qg4+ Qg7 30. Qe6+ Qf7 31. Qxd6 Re8 32. Qxc5 Re2+ 33. Kg1 Re1+ 34. Kg2 Qf1# 0-1

[Event "ONJK-A 2019"]
[Site "Borne"]
[Date "2019.08.06"]
[Round "3.10"]
[White "Akulova, Alicia"]
[Black "Butzen, Robin"]
[Result "0-1"]
[ECO "B34"]
[WhiteElo "1702"]
[BlackElo "1967"]
[Annotator "NA"]
[PlyCount "42"]
[EventDate "2019.08.05"]
[EventType "swiss"]
[EventCountry "NED"]
[SourceTitle "playchess.com"]
[Source "ChessBase"]
[SourceQuality "1"]
[TimeControl "5400+30"]

1. e4 c5 2. Nf3 g6 3. d4 cxd4 4. Nxd4 Bg7 5. Be3 Nf6 6. Nc3 Nc6 7. f3 O-O 8. Qd2 d5 9. exd5 Nxd5 10. Nxd5 Qxd5 11. Nxc6 Qxc6 12. c3 Bf5 13. Be2 Rfd8 14. Qc1 Bd3 15. Bd1 e5 16. Kf2 f5 17. Re1 f4 18. Bb3+ Kh8 19. Bxf4 exf4 20. Qxf4 Re8 21. Qf7 Qc5+ 0-1

[Event "ONJK-A 2019"]
[Site "Borne"]
[Date "2019.08.06"]
[Round "3.11"]
[White "Klaren, Duncan"]
[Black "Hofstra, Tetske"]
[Result "1-0"]
[ECO "C56"]
[WhiteElo "1964"]
[BlackElo "1126"]
[Annotator "NA"]
[PlyCount "61"]
[EventDate "2019.08.05"]
[EventType "swiss"]
[EventCountry "NED"]
[SourceTitle "playchess.com"]
[Source "ChessBase"]
[SourceQuality "1"]
[TimeControl "5400+30"]

1. e4 e5 2. Nf3 Nc6 3. d4 Bd6 4. Bc4 Nf6 5. dxe5 Nxe5 6. Nxe5 Bxe5 7. f4 Bd6 8. e5 Qe7 9. Qe2 Bc5 10. exf6 Qxe2+ 11. Bxe2 gxf6 12. Nc3 b6 13. Bf3 c6 14. Bd2 Ba6 15. O-O-O O-O-O 16. Ne4 Be7 17. Bc3 Rhe8 18. Nxf6 Rf8 19. Bg4 Bxf6 20. Bxf6 Rde8 21. Bxd7+ Kc7 22. Bxe8 Rxe8 23. Rhe1 Rg8 24. Re7+ Kb8 25. Rxf7 Bc8 26. Rd8 Rxd8 27. Bxd8 Be6 28. Rf8 Kb7 29. f5 Bxa2 30. b3 Ka6 31. Kb2 1-0

[Event "ONJK-A 2019"]
[Site "Borne"]
[Date "2019.08.06"]
[Round "3.12"]
[White "Brachmann, Jules"]
[Black "Albers, Sasa"]
[Result "0-1"]
[ECO "B10"]
[WhiteElo "1152"]
[BlackElo "1889"]
[Annotator "NA"]
[PlyCount "48"]
[EventDate "2019.08.05"]
[EventType "swiss"]
[EventCountry "NED"]
[SourceTitle "playchess.com"]
[Source "ChessBase"]
[SourceQuality "1"]
[TimeControl "5400+30"]

1. e4 c6 2. Nc3 d5 3. exd5 cxd5 4. Nf3 Nc6 5. Bb5 Bg4 6. d3 e6 7. Bf4 d4 8. Ne2 Qa5+ 9. Bd2 Qxb5 10. h3 Bxf3 11. gxf3 Nge7 12. Nf4 Nd5 13. Nxd5 Qxd5 14. Qe2 Bb4 15. a3 Qa5 16. Rd1 Bxd2+ 17. Qxd2 Qxd2+ 18. Rxd2 O-O 19. Rg1 Ne5 20. Ke2 Ng6 21. Rg4 Rfd8 22. h4 h5 23. Re4 f5 24. Rxe6 Nf4+ 0-1

[Event "ONJK-A 2019"]
[Site "Borne"]
[Date "2019.08.07"]
[Round "4.1"]
[White "Noordenbos, Daan"]
[Black "Maerevoet, Sim"]
[Result "1/2-1/2"]
[ECO "C42"]
[WhiteElo "2042"]
[BlackElo "2321"]
[Annotator "ChessBase"]
[PlyCount "28"]
[EventDate "2019.08.05"]
[EventType "swiss"]
[EventCountry "NED"]
[SourceTitle "playchess.com"]
[Source "ChessBase"]
[SourceQuality "1"]
[TimeControl "5400+30"]

1. e4 e5 2. Nf3 Nf6 3. Nxe5 d6 4. Nf3 Nxe4 5. Nc3 Nxc3 6. dxc3 Be7 7. Bd3 Nc6 8. O-O Bg4 9. Re1 O-O 10. h3 Be6 11. Nd4 Nxd4 12. cxd4 c6 13. c3 Re8 14. Rxe6 fxe6 1/2-1/2

[Event "ONJK-A 2019"]
[Site "Borne"]
[Date "2019.08.07"]
[Round "4.2"]
[White "Shakhverdian, William"]
[Black "Ypma, Jord"]
[Result "1/2-1/2"]
[ECO "D45"]
[WhiteElo "2045"]
[BlackElo "1984"]
[Annotator "NA"]
[PlyCount "62"]
[EventDate "2019.08.05"]
[EventType "swiss"]
[EventCountry "NED"]
[SourceTitle "playchess.com"]
[Source "ChessBase"]
[SourceQuality "1"]
[TimeControl "5400+30"]

1. d4 d5 2. c4 c6 3. Nf3 Nf6 4. Nc3 e6 5. e3 a6 6. cxd5 exd5 7. Bd3 Be7 8. Bd2 O-O 9. h3 Nbd7 10. O-O Re8 11. Rc1 Nf8 12. Na4 Ng6 13. Qb3 Bd6 14. Nb6 Rb8 15. Nxc8 Qxc8 16. Qc2 Ne4 17. Be1 Qd8 18. Qe2 f5 19. Nd2 f4 20. Bxe4 dxe4 21. Qg4 Bc7 22. Nc4 Qd5 23. exf4 Nxf4 24. Ne3 Qf7 25. g3 h5 26. Qd1 Nxh3+ 27. Kg2 Ng5 28. Qb3 Re6 29. Rh1 Rf8 30. Rc5 Nf3 31. Rf5 Qd7 1/2-1/2

[Event "ONJK-A 2019"]
[Site "Borne"]
[Date "2019.08.07"]
[Round "4.3"]
[White "Van Malder, Dries"]
[Black "Baselmans, Luuk"]
[Result "1/2-1/2"]
[ECO "C01"]
[WhiteElo "2178"]
[BlackElo "2250"]
[Annotator "ChessBase"]
[PlyCount "52"]
[EventDate "2019.08.05"]
[EventType "swiss"]
[EventCountry "NED"]
[SourceTitle "playchess.com"]
[Source "ChessBase"]
[SourceQuality "1"]
[TimeControl "5400+30"]

1. e4 e6 2. d4 d5 3. exd5 exd5 4. Nf3 Bd6 5. c4 Nf6 6. Bd3 dxc4 7. Bxc4 O-O 8. O-O Nbd7 9. Nc3 Nb6 10. Bb3 c6 11. Bg5 Be7 12. Qd3 Nfd5 13. Bxe7 Nxe7 14. Rfe1 Bf5 15. Qe3 Ned5 16. Qe5 Be6 17. Ng5 Re8 18. Qg3 Qf6 19. Rad1 h6 20. Nce4 Qg6 21. Nxe6 Rxe6 22. Qxg6 fxg6 23. Nc5 Rxe1+ 24. Rxe1 Rb8 25. Re6 Kf7 26. g3 Nc8 1/2-1/2

[Event "ONJK-A 2019"]
[Site "Borne"]
[Date "2019.08.07"]
[Round "4.4"]
[White "Hilwerda, Jonas"]
[Black "Klaren, Duncan"]
[Result "1-0"]
[ECO "B52"]
[WhiteElo "2263"]
[BlackElo "1964"]
[Annotator "NA"]
[PlyCount "91"]
[EventDate "2019.08.05"]
[EventType "swiss"]
[EventCountry "NED"]
[SourceTitle "playchess.com"]
[Source "ChessBase"]
[SourceQuality "1"]
[TimeControl "5400+30"]

1. e4 c5 2. Nf3 d6 3. Bb5+ Bd7 4. Bxd7+ Qxd7 5. O-O Nc6 6. c3 Nf6 7. Re1 e6 8. d4 cxd4 9. cxd4 d5 10. e5 Ne4 11. a3 Be7 12. Qd3 O-O {[%emt 0:02:02] B52: Sicilian: Moscow Variation with 3...Bd7} (12... Na5 13. Nbd2 Nxd2 14. Bxd2 Nc4 15. Bc1 h6 16. b3 Na5 17. Bd2 Nc6 18. h3 a5 19. Nh2 a4 20. b4 {1-0 (49) Kuzubov,Y (2656)-Ter Sahakyan,S (2572) Martuni 2014}) 13. Nbd2 Nxd2 14. Bxd2 Rac8 15. h4 {[%emt 0:01:26] [#]} f6 $146 ({Predecessor:} 15... h6 16. g3 b5 17. Rec1 b4 18. Kg2 Rb8 19. axb4 Bxb4 20. Bxb4 Rxb4 21. b3 Rc8 22. Rc5 Qb7 23. Rc3 Ne7 24. Rac1 Rxc3 25. Rxc3 Rb6 {½-½ (25) Larsen,S (2457)-Shpakovsky,A (2507) ICCF email 2012}) 16. exf6 Bxf6 17. Re2 Qf7 18. Rae1 Rce8 19. b4 a6 20. a4 b5 21. axb5 axb5 22. Bc3 Na7 23. g3 Nc8 24. Qxb5 Nd6 25. Qd3 Qd7 $16 26. Kg2 Rc8 27. Nd2 Qb5 28. Qe3 Rfe8 29. Qf4 Qd7 30. Bb2 Nc4 31. Nb3 Qa4 32. Nc5 Qxb4 33. Ba1 Ra8 34. Nxe6 Ra2 35. Qf5 Rxe2 36. Rxe2 Qd6 37. Bc3 Re7 38. h5 Qd7 39. Bb4 Rf7 40. Nc7 g6 41. Qxd7 Rxd7 42. Re8+ Kg7 43. h6+ Kxh6 44. Ne6 Bg7 45. g4 Rb7 46. Be7 1-0

[Event "ONJK-A 2019"]
[Site "Borne"]
[Date "2019.08.07"]
[Round "4.5"]
[White "Butzen, Robin"]
[Black "Emans, Job"]
[Result "1/2-1/2"]
[ECO "E15"]
[WhiteElo "1967"]
[BlackElo "2089"]
[Annotator "NA"]
[PlyCount "44"]
[EventDate "2019.08.05"]
[EventType "swiss"]
[EventCountry "NED"]
[SourceTitle "playchess.com"]
[Source "ChessBase"]
[SourceQuality "1"]
[TimeControl "5400+30"]

1. d4 Nf6 2. c4 e6 3. Nf3 b6 4. g3 Ba6 5. b3 c5 6. d5 d6 7. Bg2 e5 8. Nc3 Nbd7 9. O-O g6 10. a4 Bg7 11. Bd2 O-O 12. e4 Ne8 13. a5 Nc7 14. Qe2 Rb8 15. Nb5 Bxb5 16. cxb5 Re8 17. Ne1 Nf6 18. Nc2 Qd7 19. axb6 axb6 20. Na3 Ra8 21. b4 Reb8 22. Rfb1 Nfe8 1/2-1/2

[Event "ONJK-A 2019"]
[Site "Borne"]
[Date "2019.08.07"]
[Round "4.6"]
[White "Baselmans, Sam"]
[Black "De Bock, Thijs"]
[Result "0-1"]
[ECO "B25"]
[WhiteElo "2064"]
[BlackElo "1870"]
[Annotator "NA"]
[PlyCount "62"]
[EventDate "2019.08.05"]
[EventType "swiss"]
[EventCountry "NED"]
[SourceTitle "playchess.com"]
[Source "ChessBase"]
[SourceQuality "1"]
[TimeControl "5400+30"]

1. e4 c5 2. Nc3 Nc6 3. g3 g6 4. Bg2 Bg7 5. d3 Rb8 6. f4 b5 7. Nf3 d6 8. O-O e6 9. Rb1 Nge7 10. Be3 O-O 11. d4 Qb6 12. dxc5 dxc5 13. Ne2 Rd8 14. Qe1 Nd4 15. Qf2 Bb7 16. Nd2 Rbc8 17. Nb3 b4 18. Rfd1 Nec6 19. e5 Nxe2+ 20. Qxe2 Nd4 21. Bxd4 cxd4 22. Bxb7 d3+ 23. Qf2 dxc2 24. Rxd8+ Rxd8 25. Rf1 Qxb7 26. Qxc2 Bf8 27. Qf2 Rd5 28. Rc1 a5 29. Nd2 Rd3 30. Rc2 Qd5 31. b3 Rc3 0-1

[Event "ONJK-A 2019"]
[Site "Borne"]
[Date "2019.08.07"]
[Round "4.7"]
[White "Albers, Sasa"]
[Black "Merkon, Oseb"]
[Result "1-0"]
[ECO "B22"]
[WhiteElo "1889"]
[BlackElo "2013"]
[Annotator "NA"]
[PlyCount "83"]
[EventDate "2019.08.05"]
[EventType "swiss"]
[EventCountry "NED"]
[SourceTitle "playchess.com"]
[Source "ChessBase"]
[SourceQuality "1"]
[TimeControl "5400+30"]

1. e4 c5 2. Nf3 Nc6 3. c3 Nf6 4. e5 Nd5 5. Bc4 Nb6 6. Bb3 c4 7. Bc2 Qc7 8. Qe2 g5 9. Nxg5 Nxe5 10. Nf3 Bg7 11. Nxe5 Bxe5 12. d4 Bf6 13. a4 d5 14. g3 Be6 15. Bf4 Qd7 16. a5 Nc8 17. Ba4 b5 18. axb6 Nxb6 19. Bxd7+ Nxd7 20. Qc2 Bg4 21. Nd2 e5 22. Be3 Bh3 23. f4 exf4 24. Bxf4 O-O 25. Kf2 Bg7 26. g4 Bxg4 27. Rhg1 Bh5 28. Qa4 Nf6 29. Be5 Ng4+ 30. Rxg4 Bxg4 31. Rg1 f5 32. Bxg7 Kxg7 33. h3 Rae8 34. Nf3 Re4 35. hxg4 fxg4 36. Rxg4+ Kh8 37. Qd7 Rxg4 38. Qxg4 Rb8 39. Ne5 Rxb2+ 40. Ke3 h5 41. Qxh5+ Kg7 42. Qg6+ 1-0

[Event "ONJK-A 2019"]
[Site "Borne"]
[Date "2019.08.07"]
[Round "4.8"]
[White "Godde, Matthias"]
[Black "Hempler, Poul"]
[Result "1/2-1/2"]
[ECO "B10"]
[WhiteElo "1989"]
[BlackElo "1809"]
[Annotator "NA"]
[PlyCount "71"]
[EventDate "2019.08.05"]
[EventType "swiss"]
[EventCountry "NED"]
[SourceTitle "playchess.com"]
[Source "ChessBase"]
[SourceQuality "1"]
[TimeControl "5400+30"]

1. e4 c6 2. d3 d5 3. Nd2 d4 4. g3 c5 5. Bg2 e5 6. Ne2 Nc6 7. O-O Nf6 8. h3 Be6 9. f4 Qc7 10. a4 Be7 11. Nf3 Bd6 12. Kh1 h6 13. b3 Nh5 14. f5 Bd7 15. g4 Nf6 16. Ng3 O-O-O 17. Nh5 Nxh5 18. gxh5 Be7 19. Rg1 Rdg8 20. Bf1 Be8 21. Nh2 Kb8 22. Ng4 Qd6 23. Qf3 Bh4 24. f6 Bxf6 25. Bxh6 Bd8 26. Bd2 f6 27. h6 Bh5 28. hxg7 Rxg7 29. Be2 Qe6 30. Raf1 Bxg4 31. Rxg4 Rxg4 32. Qxg4 Rxh3+ 33. Kg2 Qxg4+ 34. Bxg4 Rh7 35. Rf2 Kc7 36. Bf5 1/2-1/2